Map: Torri del crepuscolo

Players

Jhyrachy - Winner!

  • Race: Zerg Zerg
  • League: Gold

Garcifab

  • Race: Zerg Zerg
  • League: Diamond

VOD

Have the link to the VOD?

Description

Time

  • Played on: May 27, 2016, 4:20 p.m.
  • Length: 4:16
Show
View Real Time Build Order
Export as new Build Order

Jhyrachy Zerg - Winner!

Build Orders: Hatch First 

Get SALT Encoding   

  12  0:01  Drone  
  13  0:09  Drone  
  14  0:17  Overlord  
  14  0:36  Drone x3  
  17  0:57  Hatchery  
  17  1:00  Drone  
  17  1:03  Drone  
  18  1:05  Extractor  
  17  1:17  Spawning Pool  
  16  1:20  Drone  
  16  1:25  Drone  
  18  1:33  Drone  
  19  1:42  Overlord  
  19  2:05  Queen  
  19  2:06  Zergling x2  
  19  2:07  Zergling x2  
  23  2:08  Metabolic Boost  
  23  2:12  Queen  
  23  2:14  Drone  
  26  2:20  Drone  
  26  2:22  Drone  
  28  2:25  Drone  
  29  2:32  Drone  
  29  2:37  Overlord  
  30  2:46  Drone x2  
  30  3:20  Zergling x8  
  30  3:21  Zergling x12  
  40  3:29  Overlord x2  
  40  3:42  Evolution Chamber  
  39  3:53  Drone  
  39  3:54  Drone x3  
  43  3:59  Drone x7  
  49  4:14  Hatchery  
Show
View Real Time Build Order
Export as new Build Order

Garcifab Zerg 

Build Orders: Hatch First 

Get SALT Encoding   

  12  0:01  Drone  
  13  0:15  Drone  
  13  0:19  Overlord  
  14  0:38  Drone x3  
  17  0:55  Hatchery  
  16  0:57  Drone  
  17  1:06  Extractor, Drone  
  17  1:17  Spawning Pool  
  16  1:19  Drone  
  17  1:34  Drone x2  
  19  1:45  Overlord  
  19  2:04  Queen  
  19  2:06  Zergling x4  
  19  2:07  Metabolic Boost  
  23  2:08  Queen  
  23  2:15  Drone x2  
  28  2:22  Drone  
  28  2:30  Drone x2  
  30  2:39  Drone x2  
  32  2:53  Overlord  
  32  3:00  Drone x2  
  34  3:05  Queen  
  34  3:11  Drone  
  36  3:27  Drone x5  
  36  3:28  Drone x3  
  44  3:43  Roach Warren  
  44  3:44  Hatchery  
  44  3:46  Zergling x4, Evolution Chamber x2  
  42  3:55  Zergling x4  
Tags
 
Add a new tag
Caveats
  • Supply blocks, unpowered buildings, or Contaminate may cause inaccurate times.
  • Supply counts are checked every 10 seconds.